 Dungeon Crawl Stone Soup version 0.30-a0-1042-gacf32f4bd3 (webtiles) character file.

Game seed: 11080625161346701338

26712 Lavandula the Martial Artist (level 13, -3/106 HPs)
             Began as a Merfolk Transmuter on Apr 9, 2023.
             Was the Champion of Okawaru.
             Slain by a skyshark (5 damage)
             ... on level 4 of the Lair of Beasts.
             The game lasted 00:35:36 (17675 turns).

Lavandula the Martial Artist (Merfolk Transmuter)  Turns: 17675, Time: 00:35:36

Health: -3/106     AC:  9    Str: 13    XL:     13   Next: 27%
Magic:  24/26      EV: 16    Int: 15    God:    Okawaru [******]
Gold:   221        SH:  0    Dex: 14    Spells: 5/30 levels left

rFire   . . .      SeeInvis .      - Unarmed
rCold   . . .      Faith    .    (shield currently unavailable)
rNeg    . . .      Spirit   .    f - +2 steam dragon scales
rPois   +          Reflect  .    C - +1 hat {Will+}
rElec   .          Rampage  .    p - +0 cloak
rCorr   .                        (gloves currently unavailable)
Will    +....                    (no boots)
Stlth   +++                      E - amulet of regeneration
HPRegen 1.17/turn                g - +4 ring of slaying
MPRegen 0.20/turn                L - ring of poison resistance

@: blade hands
A: (nimble swimmer 2), mertail
a: End Transformation, Renounce Religion, Heroism, Finesse, Duel


You were on level 4 of the Lair of Beasts.
You worshipped Okawaru.
Okawaru was exalted by your worship.
You had blades for hands.
You visited 3 branches of the dungeon, and saw 17 of its levels.
You also visited: Bailey.

You collected 1161 gold pieces.
You spent 940 gold pieces at shops.

Inventory:

Missiles
 x - a throwing net
Armour
 f - +2 steam dragon scales (worn)
 p - a +0 cloak (worn)
 u - the +6 scale mail "Huaxaetz" {rElec rF+ Will+}
   (You found it in a bailey)

   rF:        It protects you from fire.
   rElec:     It insulates you from electricity.
   Will:      It increases your willpower.
 C - a +1 hat of willpower (worn)
Jewellery
 g - a +4 ring of slaying (left blade hand)
 E - an amulet of regeneration (around neck)
 G - a ring of wizardry
 K - an amulet of reflection
 L - a ring of poison resistance (right blade hand)
 N - a +5 ring of evasion
Scrolls
 c - 4 scrolls of silence
 d - 2 scrolls of blinking
 i - 7 scrolls of teleportation {unknown}
 j - 6 scrolls of enchant armour {unknown}
 m - 2 scrolls of amnesia
 y - 3 scrolls of vulnerability {unknown}
 B - a scroll of fear
 D - a scroll of poison
 F - a scroll of brand weapon
 H - 3 scrolls of magic mapping
 I - a scroll of fog {unknown}
 J - a scroll of butterflies {unknown}
 M - a scroll of torment
Potions
 a - 2 potions of invisibility {unknown}
 b - 2 potions of degeneration {unknown}
 h - 2 potions of attraction
 k - 3 potions of might
 l - 5 potions of flight
 n - 4 potions of ambrosia
 o - 2 potions of cancellation
 q - 3 potions of resistance
 r - 6 potions of lignification
 s - a potion of heal wounds {unknown}
 t - a potion of curing
 v - 2 potions of mutation {unknown}
 w - 4 potions of brilliance {unknown}
 z - a potion of berserk rage
 A - a potion of magic {unknown}


   Skills:
 - Level 11.1 Fighting
 - Level 9.0 Dodging
 - Level 6.8 Stealth
 - Level 12.0 Unarmed Combat
 - Level 9.0 Spellcasting
 + Level 12.0 Transmutations
 - Level 2.0 Fire Magic
 - Level 4.0 Ice Magic
 - Level 4.0 Poison Magic


You had 5 spell levels left.
You knew the following spells:

 Your Spells              Type           Power      Damage    Failure   Level
a - Ignite Poison         Fire/Tmut/Pois 24%        N/A       24%         3
b - Wereblood             Tmut           42%        N/A       8%          2
c - Spider Form           Tmut/Pois      30%        N/A       17%         3
d - Ice Form              Ice/Tmut       30%        N/A       30%         4
e - Beastly Appendage     Tmut           84%        N/A       7%          1
f - Blade Hands           Tmut           21%        N/A       22%         5
g - Dragon Form           Tmut           21%        N/A       89%         7

Your spell library contained the following spells:

 Spells                   Type           Power      Damage    Failure   Level
 Passwall                 Tmut/Erth      20%        N/A       17%         2
 Ozocubu's Armour         Ice            18%        N/A       36%         3
 Scorch                   Fire           24%        2d6       38%         2
 Petrify                  Tmut/Erth      24%        N/A       43%         4
 Cigotuvi's Dreadful Rot  Necr/Pois/Air  20%        N/A       45%         2
 Necrotise                Necr           24%        1d5       47%         1
 Sublimation of Blood     Necr           6%         N/A       56%         2
 Inner Flame              Hex/Fire       9%         N/A       65%         3
 Irradiate                Conj/Tmut      12%        3d15      69%         5
 Yara's Violent Unravell  Hex/Tmut       12%        3d7       69%         5
 Gell's Gravitas          Tloc           6%         N/A       75%         3
 Portal Projectile        Hex/Tloc       12%        N/A       75%         3
 Teleport Other           Tloc           6%         N/A       75%         3
 Vampiric Draining        Necr           6%         2d6       75%         3
 Flame Wave               Conj/Fire      9%         2d6       90%         4
 Sticky Flame             Conj/Fire      9%         2d3       90%         4
 Leda's Liquefaction      Hex/Erth       3%         N/A       96%         4
 Manifold Assault         Tloc           6%         N/A       96%         4
 Freezing Cloud           Conj/Ice/Air   5%         6-21      99%         5
 Agony                    Necr           6%         N/A       100%        5
 Lee's Rapid Deconstruct  Erth           3%         3d5*      100%        5
 Eringya's Noxious Bog    Tmut/Pois      15%        N/A       88%         6
 Statue Form              Tmut/Erth      16%        N/A       98%         6
 Dispersal                Tloc           3%         N/A       100%        6
 Ozocubu's Refrigeration  Ice            9%         4d9       100%        7
 Disjunction              Tloc           3%         N/A       100%        8
 Tukima's Dance           Hex            Unusable   N/A       N/A         3
 Summon Hydra             Summ           Unusable   N/A       N/A         7

Dungeon Overview and Level Annotations

Branches:
Dungeon (12/15)            Temple (1/1) D:7            Lair (4/5) D:11
  Swamp (0/4) Lair:2        Snake (0/4) Lair:2          Orc (0/2) D:12
 Bailey (visited)
  Slime: Lair:4-5

Altars:
Ashenzari
Cheibriados
Dithmenos
Elyvilon
Hepliaklqana
Kikubaaqudgha
Makhleb
Nemelex Xobeh
Okawaru
Qazlal
Ru
Sif Muna
Trog
Uskayaw
Vehumet
Wu Jian
Xom
Yredelemnul
Zin
The Shining One

Shops:
D:8 *:*[(

Annotations:
D:12 Jorgrun
Temple 2 transporters


Innate Abilities, Weirdness & Mutations

You have blades for hands.
Your spellcasting is less reliable in this form.
You are incapable of wielding weapons or throwing items.
((You are very nimble when in or above water. (Stealth+, EV+, Speed+++)))
Your lower body shifts to a powerful aquatic tail in water.


Message History

Okay, then.
You aren't carrying any items that you can evoke.
Unknown command.
The air fills with toxic fumes!
As you read the scroll of poison, it crumbles to dust.
The skyshark misses you. The skyshark tail-slaps you. x2
The skyshark bites you but does no damage.
The skyshark tail-slaps you but does no damage.
The skyshark misses you.
Unknown command.
Unknown command.
Okay, then.
Unknown command.
Blink to where?
Press: ? - help, Dir - move target
As you read the scroll of blinking, it crumbles to dust.
The skyshark looks even sicker.
The skyshark is engulfed in poison gas.
The skyshark looks as sick as possible!
A killer bee comes into view.
The skyshark is engulfed in poison gas.
The skyshark looks as sick as possible!
The skyshark is engulfed in poison gas.
The skyshark looks as sick as possible!
The skyshark bites you! The skyshark tail-slaps you.
The skyshark tail-slaps you!
* * * LOW HITPOINT WARNING * * *
The killer bee moves out of view.
You feel better.
The skyshark is engulfed in poison gas.
The skyshark looks as sick as possible!
The skyshark bites you but does no damage.
The skyshark closely misses you. x2
Unknown command.
You feel better.
The skyshark is engulfed in poison gas.
The skyshark looks as sick as possible!
The skyshark bites you!!
* * * LOW HITPOINT WARNING * * *
The skyshark tail-slaps you!
* * * LOW HITPOINT WARNING * * *
The skyshark tail-slaps you.
* * * LOW HITPOINT WARNING * * *
The skyshark is engulfed in poison gas.
The skyshark looks as sick as possible!
The skyshark barely misses you. x2; The skyshark tail-slaps you.
You die...

.....⌠.##..... ........#..##
.. # .##..#..☼...# . ## #
.#..§§.P#### .###. #.
#....§§§...§## ...P.# ###.
#...##§#§.#☼.### #.....
##... ##.#..#§P§##...##
#..#.##..#⌠
#....#§§☼○#.#..###........+.
##..#.#.#§l@##.)###.....####
#..#.#.#.##.##.####..P..#
#.#.#.#.#. #....###.....###
#. .#. #.#.##..##....##.#
.#. #.#...##.###.....## #
##..##....###....##
..##...P....#.....#
##..##..#.........#
#..##.....#.#.##


You could see a skyshark (berserk, extremely poisoned).

Vanquished Creatures
  Gastronok (D:10)
  A hydra (Lair:3)
  2 two-headed ogres
  A boulder beetle (D:8)
  The ghost of milododd the Digger, a novice FoEE (D:7)
  2 bog bodies (Lair:2)
  2 ugly things
  An oklob plant (Lair:2)
  A cyclops (D:12)
  2 black mambas
  A salamander (Lair:2)
  A torpor snail (Lair:4)
  5 cane toads
  A gargoyle (Bailey)
  Maggie (D:7)
  A kobold demonologist (D:11)
  A queen bee (Lair:3)
  3 komodo dragons
  A troll (D:9)
  A polar bear (Lair:2)
  14 blink frogs
  4 dream sheep (Lair:4)
  2 shadows
  11 yaks
  A wyvern (D:9)
  2 vampires
  A basilisk (Lair:2)
  A steam dragon (D:10)
  3 wargs
  3 swamp worms (Lair:2)
  4 acid dragons
  9 water moccasins
  2 ice beasts
  Duvessa (D:7)
  3 orc warriors
  2 ogres
  3 centaurs
  5 wolves (Lair:3)
  4 phantoms
  4 kobold brigands
  4 bullfrogs
  3 gnoll sergeants
  3 scorpions
  12 wights
  Dowan (D:7)
  41 killer bees
  4 howler monkeys
  6 vampire bats (Bailey)
  7 wolf zombies (Bailey)
  An electric eel (Lair:2)
  2 lava snakes (Lair:2)
  A hound (D:6)
  3 jellies
  A gnoll bouda (D:10)
  8 orc priests
  5 iguanas
  Ijyb (D:4)
  8 hell rats (Lair:4)
  12 orc wizards
  A mummy (D:12)
  18 gnolls
  23 orc zombies (Bailey)
  9 adders
  A white imp (D:7)
  3 worms
  2 dart slugs
  32 orcs
  13 endoplasms
  4 giant cockroaches
  12 goblins
  7 hobgoblins
  2 jackals (D:3)
  2 quokkas (D:5)
  4 ball pythons
  6 bats
  A frilled lizard (D:3)
  20 kobolds
  4 rats
396 creatures vanquished.

Vanquished Creatures (others)
  3 fungi
  19 plants
22 creatures vanquished.

Grand Total: 418 creatures vanquished

Notes
Turn   | Place    | Note
-------+----------+-------------------------------------------
     0 | D:1      | Lavandula the Merfolk Transmuter began the quest for the
                  | Orb.
     0 | D:1      | Reached XP level 1. HP: 15/15 MP: 3/3
    75 | D:1      | Reached XP level 2. HP: 21/21 MP: 3/5
   171 | D:1      | Learned a level 2 spell: Wereblood
   776 | D:2      | Reached XP level 3. HP: 26/26 MP: 4/6
  1057 | D:2      | Learned a level 3 spell: Spider Form
  1790 | D:3      | Reached skill level 1 in Poison Magic
  1953 | D:3      | Reached XP level 4. HP: 28/32 MP: 4/7
  2252 | D:3      | Reached XP level 5. HP: 36/37 MP: 5/8
  2421 | D:3      | Reached skill level 5 in Transmutations
  2555 | D:3      | Found a sacrificial altar of Ru.
  2624 | D:3      | Found a faded altar of an unknown god.
  2938 | D:3      | Found an ancient bone altar of Kikubaaqudgha.
  3089 | D:4      | Reached XP level 6. HP: 38/43 MP: 5/9
  3249 | D:4      | Reached skill level 5 in Unarmed Combat
  3365 | D:4      | Noticed Ijyb
  3376 | D:4      | Killed Ijyb
  4006 | D:5      | Entered Level 5 of the Dungeon
  4012 | D:5      | Learned a level 4 spell: Ice Form
  4093 | D:5      | Reached XP level 7. HP: 48/48 MP: 8/11
  4353 | D:5      | Reached XP level 8. HP: 43/54 MP: 10/12
  4806 | D:5      | Reached skill level 1 in Ice Magic
  6187 | D:7      | Found a staircase to the Ecumenical Temple.
  6192 | D:7      | Noticed Maggie
  6396 | D:7      | Killed Maggie
  6397 | D:7      | Reached skill level 10 in Unarmed Combat
  6397 | D:7      | Reached XP level 9. HP: 59/59 MP: 1/13
  6476 | Temple   | Entered the Ecumenical Temple
  6476 | Temple   | Found a transporter.
  6476 | Temple   | Found a transporter.
  6478 | Temple   | Found a transporter.
  6478 | Temple   | Found a transporter.
  6488 | Temple   | Became a worshipper of Warmaster Okawaru
  6513 | D:7      | Found a flagged portal.
  6540 | Bailey   | Entered a bailey
  6657 | Bailey   | Learned a level 3 spell: Ignite Poison
  6695 | Bailey   | Learned a level 1 spell: Beastly Appendage
  7019 | Bailey   | Noticed a gargoyle
  7055 | Bailey   | Killed a gargoyle
  7056 | Bailey   | Reached skill level 5 in Fighting
  7118 | Bailey   | Reached * piety under Okawaru
  7250 | Bailey   | Reached skill level 5 in Dodging
  7417 | Bailey   | Identified the +6 scale mail "Huaxaetz" {rElec rF+ Will+}
  7825 | Bailey   | Identified the +1 chain mail of Honour {rPois Will+ Str+4}
  7839 | Bailey   | Identified the +4 spear "Wiafeez" {antimagic, Fly rElec}
  7903 | D:7      | Reached skill level 1 in Stealth
  8103 | D:7      | Noticed Dowan
  8104 | D:7      | Noticed Duvessa
  8112 | D:7      | Killed Duvessa
  8112 | D:7      | Killed Dowan
  8229 | D:7      | Found a glowing golden altar of the Shining One.
  8245 | D:7      | Reached XP level 10. HP: 74/74 MP: 6/14
  8373 | D:7      | Found a runed translucent door.
  8523 | D:7      | Found a hide-covered altar of Uskayaw.
  8533 | D:7      | Reached skill level 5 in Stealth
  8699 | D:7      | Noticed milododd's ghost (novice FoEE)
  8710 | D:7      | Killed milododd's ghost
  8770 | D:8      | Found Jeod's General Store.
  9049 | D:8      | Bought a scroll of fear for 44 gold pieces
  9053 | D:8      | Found Osaduosk's General Store.
  9062 | D:8      | Bought a potion of cancellation for 112 gold pieces
  9062 | D:8      | Bought a book of Alchemy for 392 gold pieces
  9066 | D:8      | Found Efirulig's Book Shop.
  9229 | D:8      | Found Quariog's Weapon Emporium.
  9389 | D:8      | Noticed a two-headed ogre
  9398 | D:8      | Killed a two-headed ogre
  9398 | D:8      | Reached ** piety under Okawaru
  9476 | D:8      | Noticed a boulder beetle
  9496 | D:8      | Killed a boulder beetle
 10026 | D:8      | Found Qisiveo's Armour Shop.
 10122 | D:9      | Found a white marble altar of Elyvilon.
 10243 | D:9      | Noticed a cyan ugly thing
 10256 | D:9      | Killed a cyan ugly thing
 10256 | D:9      | Reached *** piety under Okawaru
 10257 | D:9      | Reached XP level 11. HP: 42/80 MP: 6/15
 10427 | D:9      | Reached skill level 1 in Fire Magic
 10508 | D:9      | Found a glowing silver altar of Zin.
 11407 | D:10     | Entered Level 10 of the Dungeon
 11436 | D:10     | Found a stormy altar of Qazlal.
 11676 | D:10     | Noticed Gastronok
 11688 | D:10     | Killed Gastronok
 11688 | D:10     | Reached **** piety under Okawaru
 12598 | D:11     | Found a staircase to the Lair.
 13028 | D:11     | Noticed a green ugly thing
 13032 | D:11     | Reached ***** piety under Okawaru
 13033 | D:11     | Reached skill level 5 in Spellcasting
 13041 | D:11     | Killed a green ugly thing
 13343 | D:12     | Noticed a two-headed ogre
 13351 | D:12     | Killed a two-headed ogre
 13386 | D:12     | Found a snail-covered altar of Cheibriados.
 13543 | D:12     | Found the +6 lightning scales {swift, rElec}
 13629 | D:12     | Found a staircase to the Orcish Mines.
 13761 | D:12     | Noticed a cyclops
 13772 | D:12     | Killed a cyclops
 13772 | D:12     | Received a gift from Okawaru
 13773 | D:12     | Reached XP level 12. HP: 93/93 MP: 9/19
 13778 | D:12     | Noticed Jorgrun
 13833 | Lair:1   | Entered Level 1 of the Lair of Beasts
 13870 | Lair:1   | Learned a level 5 spell: Irradiate
 14298 | Lair:1   | Reached skill level 10 in Fighting
 14864 | D:8      | Bought a book of Weapons for 392 gold pieces
 15247 | Lair:2   | Found a staircase to the Snake Pit.
 15338 | Lair:2   | Learned a level 5 spell: Blade Hands
 15649 | Lair:2   | Reached ****** piety under Okawaru
 16047 | Lair:2   | Found a staircase to the Swamp.
 16354 | Lair:3   | Noticed a six-headed hydra
 16362 | Lair:3   | Killed a six-headed hydra
 16362 | Lair:3   | Received a gift from Okawaru
 16772 | Lair:3   | Reached XP level 13. HP: 59/106 MP: 20/25
 17088 | Lair:3   | Identified a scroll of acquirement
 17089 | Lair:3   | Acquired Ytsax's Teachings on Evolution and Kindling
 17099 | Lair:3   | Learned a level 7 spell: Dragon Form
 17227 | Lair:4   | Reached skill level 10 in Transmutations
 17675 | Lair:4   | HP: 2/106 [skyshark (5)]
 17675 | Lair:4   | Slain by a skyshark

Illustrated notes

Levels and vault maps discovered:
D:1:      tekkud_arrival_beachfront_property, layout_rooms,
          minmay_misc_feat_hallway, minmay_pentomino_u2
D:2:      layout_basic
D:3:      layout_basic, amcnicky_altar_gilded, lemuel_doored_altar,
          nicolae_ecumenical_snake_handling, grunt_decor_mini_mirrors,
          small_statue_intersection, minmay_fractal_squares_5
D:4:      layout_loops_ring, uniq_ijyb
D:5:      layout_loops_cross
D:6:      layout_basic
D:7:      layout_loops_ring, mainiacjoe_overflow_cross_hatched,
          nicolae_uskayaw_dance_studio, minmay_temple_entry_junction,
          ebering_ghost_reflecting_pool, enter_bailey_5,
          minmay_misc_feat_pillars, uniq_maggie, uniq_duvessa
D:8:      layout_rooms, serial_shops,
          nicolae_shop_temple_entry_statues_fountains, nicolae_shop_crystal,
          nicolae_shop_behind_doors, shop, kennysheep_mini_moat,
          palyth_stone_intersect
D:9:      layout_basic, mainiacjoe_overflow_six_doors_small, zin_treasury,
          nicolae_eternal_life
D:10:     layout_roguey, grunt_qazlal_sundering, minmay_strange_pillars,
          uniq_gastronok
D:11:     layout_basic, erik_lair_orcish_takeover
D:12:     layout_stronghold, david_orc_3, slow_altar_1, uniq_jorgrun
Temple:   hellmonk_temple_divided_pantheon
Lair:1:   layout_gridlike
Lair:2:   layout_regular_city, nicolae_swamp_entry_splash_gauntlet,
          nicolae_snake_entry_warm_welcome, chequers_serial_rivers_small_3,
          serial_bayou_pond_c, lemuel_fruit_tree
Lair:3:   layout_roguey [special_room_bee]
Lair:4:   regret_index_wax_grids, layout_big_grid,
          chequers_serial_rivers_small_b, grunt_megastairs_5

Skill      XL: |  1  2  3  4  5  6  7  8  9 10 11 12 13 |
---------------+----------------------------------------+-----
Unarmed Combat | 4 6 7 10 12 | 12.0
Poison Magic   | 1 2 3 4 |  4.0
Transmutations | 4 5 6 7 9 12 | 12.0
Spellcasting   | 3 5 8 9 |  9.0
Ice Magic      | 4 |  4.0
Fighting       | 5 8 11 | 11.1
Dodging        | 6 9 |  9.0
Stealth        | 4 6 |  6.8
Fire Magic     | 2 |  2.0

Action                     |  1- 3 |  4- 6 |  7- 9 | 10-12 | 13-15 || total
---------------------------+-------+-------+-------+-------+-------++-------
  Melee: Unarmed           |   107 |   141 |   273 |   446 |    91 ||  1058
         Headbutt          |    11 |     2 |     4 |       |       ||    17
         Punch             |     1 |     1 |     5 |     8 |    10 ||    25
         Tailslap          |       |       |     7 |       |       ||     7
   Cast: Beastly Appendage |    23 |     1 |     2 |     3 |       ||    29
         Spider Form       |       |    23 |    24 |    15 |       ||    62
         Ice Form          |       |       |    14 |    47 |       ||    61
         Ignite Poison     |       |       |     1 |    12 |       ||    13
         Blade Hands       |       |       |       |    11 |    12 ||    23
 Invoke: Heroism           |       |       |     1 |     1 |       ||     2
Ability: End Transformatio |       |       |     1 |     1 |       ||     2
    Use: Potion            |     1 |       |     7 |     1 |     2 ||    11
         Scroll            |       |       |     9 |     4 |     5 ||    18
   Stab: Sleeping          |     2 |     1 |       |     4 |       ||     7
         Distracted        |       |       |       |     1 |       ||     1
 Armour: Robe              |    27 |     5 |     2 |       |       ||    34
         Skin              |     7 |     7 |    28 |    32 |       ||    74
         Steam dragon scal |       |       |    10 |    31 |    23 ||    64
  Dodge: Dodged            |    50 |    91 |   176 |   296 |    71 ||   684

Table legend: (Time is in decaauts)
 A = Elapsed time spent in this place.
 B = Non-inter-level travel time spent in this place.
 C = Inter-level travel time spent in this place.
 D = Time resting spent in this place.
 E = Time spent auto-exploring this place.
 F = Levels seen in this place.
 G = Mean time per level.
                   A        B        C        D        E       F      G
               +--------+--------+--------+--------+--------+-----+--------+
         Total |  17518 |  16645 |    873 |   1772 |  11787 |  18 |  973.2 |
       Dungeon |  12586 |  11805 |    781 |   1044 |   8634 |  12 | 1048.8 |
        Temple |     30 |     25 |      5 |      0 |      0 |   1 |   30.0 |
          Lair |   3588 |   3501 |     87 |    396 |   2549 |   4 |  897.0 |
        Bailey |   1312 |   1312 |      0 |    331 |    604 |   1 | 1312.0 |
               +--------+--------+--------+--------+--------+-----+--------+

Top non-repeatable levels by time:
     D:9: 1368 daAuts
  Bailey: 1312 daAuts
  Lair:2: 1291 daAuts
     D:7: 1289 daAuts
     D:5: 1285 daAuts
     D:3: 1273 daAuts
     D:2: 1146 daAuts
     D:8: 1133 daAuts
    D:10: 1074 daAuts
     D:4: 992 daAuts
    D:11: 978 daAuts
  Lair:1: 938 daAuts
     D:6: 933 daAuts
  Lair:3: 817 daAuts
     D:1: 649 daAuts
